 Dungeon Crawl Stone Soup version 0.30-b1-2-g02819fbbbe (webtiles) character file.

Game seed: 11416278250836246421

9 Alarkh the Digger (level 2, 19/19 HPs)
             Began as a Demonspawn Earth Elementalist on May 29, 2023.
             Got out of the dungeon alive.
             The game lasted 00:00:20 (184 turns).

Alarkh the Digger (Demonspawn Earth Elementalist)    Turns: 184, Time: 00:00:21

Health: 19/19      AC:  2    Str:  8    XL:     2   Next: 6%
Magic:  4/5        EV: 12    Int: 16    God:
Gold:   13         SH:  4    Dex: 13    Spells: 4/5 levels left

rFire   . . .        (no weapon)
rCold   . . .        (no shield)
rNeg    . . .        a - +0 robe
rPois   .            (no helmet)
rElec   .            (no cloak)
rCorr   .            (no gloves)
SInv    .            (no boots)
Will    .....        (no amulet)
Stlth   ++           (no ring)
HPRegen 0.23/turn    (no ring)
MPRegen 0.09/turn

%: no passive effects
@: no status effects
A: condensation shield
a: no special abilities


You escaped.
You visited 1 branch of the dungeon, and saw 1 of its levels.

You collected 13 gold pieces.

Inventory:

Armour
 a - a +0 robe (worn)
Potions
 b - a potion of magic


   Skills:
 - Level 1.7 Dodging
 - Level 1.7 Stealth
 + Level 2.2 Spellcasting
 - Level 0.8 Transmutations
 * Level 3.1 Earth Magic


You had 4 spell levels left.
You knew the following spells:

 Your Spells              Type           Power      Damage    Failure   Level
a - Sandblast             Erth           22%        2d7       5%          1

Your spell library contained the following spells:

 Spells                   Type           Power      Damage    Failure   Level
 Passwall                 Tmut/Erth      6%         N/A       14%         2
 Stone Arrow              Conj/Erth      12%        3d7       32%         3
 Petrify                  Tmut/Erth      8%         N/A       65%         4


Dungeon Overview and Level Annotations

Branches:
Dungeon (1/15)

Altars:


Innate Abilities, Weirdness & Mutations

A meltable shield of frost defends you. (SH +4)


Message History

You kill the dart slug!
Your Earth Magic skill increases to level 3!
As you open the door, it creaks loudly!
There is an open door here.
A bat comes into view.
A bat is nearby!
A bat is nearby!
The bat hits you but does no damage.
Casting: Sandblast (safe; 6% risk of failure)
Confirm with . or Enter, or press ? or * to list all spells.
Aiming: Sandblast (safe; 6% risk of failure)
Press: ? - help, Shift-Dir - straight line, f - bat
Aim: a bat (73% to hit)
The blast of sand hits the bat!
You kill the bat!
You have reached level 2!
Your demonic ancestry asserts itself...
Frost condenses into a shield before you.
A hobgoblin comes into view.
A bat comes into view.
The bat moves out of view.
You can't go up here!
There are no items here.
The bat closely misses you.
Casting: Sandblast (safe; 6% risk of failure)
Confirm with . or Enter, or press ? or * to list all spells.
Aiming: Sandblast (safe; 6% risk of failure)
Press: ? - help, Shift-Dir - straight line, f - bat
Aim: a bat (73% to hit)
The blast of sand hits the bat.
You kill the bat!
Casting: Sandblast (safe; 5% risk of failure)
Confirm with . or Enter, or press ? or * to list all spells.
You can't see any susceptible monsters within range! (Use Z to cast anyway.)
(D) Dungeon
Where to? (Enter - D:1 @ (x,y), ? - help)
There is an open door here.
There is a staircase leading out of the dungeon here.
Are you sure you want to leave the Dungeon?
This will make you lose the game!
You have escaped!

#..####.##..
##...........
##..#####.#...
#.......#.#...
###.###.........
#.....+.#.......
#####'#.#+#.#.#.....
#.....#.# +.#.#.....
#..@..#.# #.#.......
#..>..#+# #.#####...
#....)#.# #.. ......
#.....'.# #####.#.
#+###+#.#+#.#...#.#.
#.......#...#.#.
###'#####...#.#. #
##.# #...'...
....##..#####...#..#


There were no monsters in sight!

Vanquished Creatures
  2 dart slugs (D:1)
  2 bats (D:1)
  A hobgoblin (D:1)
  A kobold (D:1)
6 creatures vanquished.

Notes
Turn   | Place    | Note
-------+----------+-------------------------------------------
     0 | D:1      | Alarkh the Demonspawn Earth Elementalist began the quest
                  | for the Orb.
     0 | D:1      | Reached XP level 1. HP: 13/13 MP: 3/3
    96 | D:1      | Reached skill level 3 in Earth Magic
   123 | D:1      | Gained mutation: A meltable shield of frost defends you.
                  | (SH +4) [demonic ancestry]
   123 | D:1      | Reached XP level 2. HP: 19/19 MP: 1/5
   184 | D:$      | Got out of the dungeon alive.

Illustrated notes

Levels and vault maps discovered:
D:1:      shiori_arrival_maze, layout_basic, nicolae_hexahallways,
          grunt_decor_arrowhead, serial_bayou_pond_d

Skill      XL: |  1 |
---------------+----+-----
Earth Magic    | 3 |  3.1
Dodging        | |  1.7
Stealth        | |  1.7
Spellcasting   | |  2.2
Transmutations | |  0.8

Action                     || total
---------------------------++-------
  Melee: Unarmed           ||     7
   Cast: Sandblast         ||    10
 Armour: Robe              ||     3
  Dodge: Dodged            ||     9
